 Dungeon Sprint DCSS version 0.22-a0-542-gce4f928 (webtiles) character file.

443 raistware the Fencer (level 7, -5/57 HPs)
             Began as a Hill Orc Fighter on June 24, 2018.
             Was an Initiate of the Shining One.
             Slain by a slime creature (14 damage)
             ... in the Dungeon (Sprint I: "Red Sonja").
             The game lasted 00:03:10 (1009 turns).

raistware the Fencer (Hill Orc Fighter)             Turns: 1009, Time: 00:03:10

Health: -5/57      AC:  6    Str: 21    XL:     7   Next: 2%
Magic:  7/7        EV:  7    Int:  8    God:    the Shining One [......]
Gold:   313        SH:  9    Dex: 10    Spells: 6/6 levels left

rFire    . . .     SeeInvis .   a - +0 long sword
rCold    . . .     Gourm    .   c - +0 shield
rNeg     + . .     Faith    .   b - +0 scale mail
rPois    .         Spirit   .   (no helmet)
rElec    .         Reflect  .   (no cloak)
rCorr    .         Harm     .   (no gloves)
MR       .....     NoTele   +   (no boots)
Stlth    ..........             (no amulet)
HPRegen  0.19/turn              d - ring of positive energy
MPRegen  0.10/turn              (no ring)

@: glowing
A: no striking features
a: Renounce Religion


You were in the Dungeon.
You worshipped the Shining One.
The Shining One was noncommittal.
You were not hungry.

You visited 1 branch You collected 313 gold pieces.

Inventory:

Hand Weapons
 a - a +0 long sword (weapon)
Armour
 b - a +0 scale mail (worn)
 c - a +0 shield (worn)
Jewellery
 d - a ring of positive energy (left hand)
Wands
 l - a wand of random effects (17)
Scrolls
 k - a scroll of blinking
Potions
 i - 2 potions of magic
Comestibles
 f - a ration
 g - 5 chunks of flesh


   Skills:
 - Level 3.6 Fighting
 + Level 15.0 Long Blades
 - Level 3.2 Armour
 - Level 3.2 Shields


You had 6 spell levels left.
You didn't know any spells.
Your spell library was empty.

Dungeon Overview and Level Annotations

Branches:
Dungeon (1/1)

Altars:
Cheibriados
Dithmenos
Elyvilon
Fedhas
Gozag
Hepliaklqana
Kikubaaqudgha
Makhleb
Nemelex Xobeh
Okawaru
Qazlal
Ru
Sif Muna
Trog
Uskayaw
Vehumet
Wu Jian
Xom
Yredelemnul
Zin
The Shining One
Jiyva
Lugonu

Shops:
D (


Message History

The slime creature is lightly wounded.
The slime creature hits you but does no damage.
Your shield and scale mail prevent you from hitting the slime creature.
The slime creature is lightly wounded.
You slash the slime creature!
The slime creature is moderately wounded.
The slime creature hits you but does no damage.
You hit the slime creature.
The slime creature is moderately wounded.
The slime creature hits you!!
* * * LOW HITPOINT WARNING * * *
Okay, then.
You hit the slime creature.
The slime creature is moderately wounded.
The slime creature hits you!
* * * LOW HITPOINT WARNING * * *
You hit the slime creature.
The slime creature is moderately wounded.
The slime creature hits you!
You die...

###################
#<.#..'..#.)'..#@_#
#..[.)#..'..#..'J.+
#..#####'#####'#__#
#..####..#...#.####
#..#__####..##.#
#..#_____##'#_.+
#⌠⌠#_.∩...÷..._#
####_..__##_.#'#
#_____###+#.#


You could see a slime creature.

Vanquished Creatures
  Sigmund (D)
  A yak (D)
  An ogre (D)
  A jelly (D)
  Ijyb (D)
5 creatures vanquished.

Vanquished Creatures (others)
  3 hornets (D)
3 creatures vanquished.

Grand Total: 8 creatures vanquished

Notes
Turn   | Place    | Note
-------+----------+-------------------------------------------
     0 | D        | raistware the Hill Orc Fighter began the quest for the Orb.
     0 | D        | Reached XP level 1. HP: 19/19 MP: 1/1
     2 | D        | Noticed Ijyb
    21 | D        | Killed Ijyb
    21 | D        | Reached skill level 6 in Long Blades
    21 | D        | Reached XP level 2. HP: 14/26 MP: 2/2
    21 | D        | Reached XP level 3. HP: 17/31 MP: 3/3
   262 | D        | Noticed an ogre
   268 | D        | Killed an ogre
   268 | D        | Reached skill level 10 in Long Blades
   268 | D        | Reached XP level 4. HP: 30/39 MP: 4/4
   396 | D        | Noticed Sigmund
   429 | D        | Killed Sigmund
   429 | D        | Reached skill level 13 in Long Blades
   429 | D        | Reached XP level 5. HP: 18/45 MP: 5/5
   429 | D        | Reached XP level 6. HP: 21/51 MP: 6/6
   614 | D        | Found a deep blue altar of Sif Muna.
   615 | D        | Found an ornate altar of the Wu Jian Council.
   616 | D        | Found a radiant altar of Vehumet.
   793 | D        | Killed a hornet
   795 | D        | Killed a hornet
   810 | D        | Found Loadghorgh's Antique Weapon Emporium.
   810 | D        | Found an ancient bone altar of Kikubaaqudgha.
   810 | D        | Found a hazy altar of Hepliaklqana.
   810 | D        | Found a stormy altar of Qazlal.
   810 | D        | Found a hide-covered altar of Uskayaw.
   810 | D        | Found a blossoming altar of Fedhas.
   810 | D        | Found a bloodstained altar of Trog.
   810 | D        | Found an iron altar of Okawaru.
   810 | D        | Found a basalt altar of Yredelemnul.
   810 | D        | Found a glowing golden altar of the Shining One.
   810 | D        | Found a snail-covered altar of Cheibriados.
   810 | D        | Found a sacrificial altar of Ru.
   810 | D        | Found a glowing silver altar of Zin.
   810 | D        | Found a shadowy altar of Dithmenos.
   810 | D        | Found a white marble altar of Elyvilon.
   810 | D        | Noticed a yak
   819 | D        | Killed a yak
   819 | D        | Reached skill level 15 in Long Blades
   819 | D        | Reached XP level 7. HP: 23/57 MP: 7/7
   820 | D        | Found an opulent altar of Gozag.
   823 | D        | Found a sparkling altar of Nemelex Xobeh.
   836 | D        | Became a worshipper of the Shining One
   990 | D        | Killed a hornet
   998 | D        | Found a viscous altar of Jiyva.
   998 | D        | Found a corrupted altar of Lugonu.
   998 | D        | Noticed a slime creature
   999 | D        | Found a burning altar of Makhleb.
   999 | D        | Found a shimmering altar of Xom.
  1009 | D        | Slain by a slime creature

Vault maps used:
D:        dungeon_sprint_1

Skill      XL: |  1  2  3  4  5  6 |
---------------+-------------------+-----
Long Blades    | 6 10 13 15 | 15.0
Fighting       | |  3.6
Armour         | |  3.2
Shields        | |  3.2

Action                   |  1- 3 |  4- 6 |  7- 9 || total
-------------------------+-------+-------+-------++-------
Melee: Long sword        |    21 |    42 |     9 ||    72
  Use: Potion            |     1 |     4 |       ||     5
Armor: Scale mail        |     7 |     1 |     2 ||    10
Dodge: Dodged            |     4 |     1 |       ||     5
Block: Shield            |     4 |     7 |     2 ||    13
       Rpst.: Long sword |       |     1 |       ||     1

Table legend:
 A = Spawn XP
 B = Non-spawn XP
 C = Spawn XP percentage of total XP
 D = Spawn monster count
 E = Non-spawn monster count
 F = Spawn count percentage of total count
 G = Total turns spent on level
                    A         B        C        D         E        F      G
               +---------+---------+-------+---------+---------+-------+---------
         Total |       0 |     633 |   0.0 |       0 |       5 |   0.0 |  1009
               +---------+---------+-------+---------+---------+-------+---------
             D |       0 |     633 |   0.0 |       0 |       5 |   0.0 |  1009
               +---------+---------+-------+---------+---------+-------+---------
